MLB
OAKLAND ATHLETICS @ HOUSTON ASTROS
09/01/2098
 
TOP OF THE 1ST
Oakland Athletics batting - Pitching for Houston Astros : RHP Ron Lord
Pitching: RHP Ron Lord
Batting: LHB Mario Marquez 0-0: Ball
1-0: Ground out 4-3 (Groundball, 4, EV 86.3 MPH)
Batting: LHB Kyle O'Connor 0-0: Ball
1-0: Foul Ball, location: 2F
1-1: Swinging Strike
1-2: Ground out 4-3 (Groundball, 34, EV 84.4 MPH)
Batting: LHB Pat Wilson 0-0: Called Strike
0-1: Called Strike
0-2: Foul Ball, location: 3DF
0-2: Foul Ball, location: 2LF
0-2: Strikes out looking
Top of the 1st over - 0 runs, 0 hits, 0 errors, 0 left on base; Oakland 0 - Houston 0
BOTTOM OF THE 1ST
Houston Astros batting - Pitching for Oakland Athletics : RHP Dylan Harrison
Pitching: RHP Dylan Harrison
Batting: LHB Ricky Gomez 0-0: Ball
1-0: Ball
2-0: Ball
3-0: Base on Balls
Batting: LHB Aaron Bruckerhoff 0-0: Ball
Ricky Gomez steals 2nd base
1-0: Ball
Wild Pitch!
Ricky Gomez to third
2-0: Ball
3-0: SINGLE (Groundball, 25, EV 63.1 MPH) (infield hit)
Batting: LHB Alex Perez 0-0: Ball
1-0: Reached via error on a dropped throw from 2B, E6 (Groundball, 34S, EV 92.5 MPH)
Ricky Gomez scores
Aaron Bruckerhoff to second
Batting: RHB Jeff Cinnamon 0-0: SINGLE (Line Drive, 56D, EV 105.6 MPH)
Aaron Bruckerhoff to third
Alex Perez to second
Runner from 3rd tries for Home, SAFE, throw by LF to home
Batting: RHB Kyle Stewart 0-0: Foul Ball, location: 9LSF
0-1: Foul Ball, location: 25F
0-2: Foul Ball, location: 25FF
0-2: Ball
1-2: Ball
2-2: Strikes out swinging
Batting: RHB Frank Kelsay 0-0: Called Strike
0-1: Ball
1-1: Called Strike
1-2: Strikes out swinging
Batting: LHB Roy Lazzaro 0-0: Ball
1-0: Foul Ball, location: 3DF
1-1: Swinging Strike
1-2: Ball
2-2: Ball
3-2: Foul Ball, location: 2F
3-2: TRIPLE (Flyball, 89XD, EV 106.9 MPH)
Alex Perez scores
Jeff Cinnamon scores
Batting: LHB Josh Otis 0-0: Called Strike
0-1: Foul Ball, location: 5F
0-2: Ball
1-2: Fly out, F9 (Flyball, 9LSF, EV 88.8 MPH)
Bottom of the 1st over - 4 runs, 3 hits, 1 error, 1 left on base; Oakland 0 - Houston 4
TOP OF THE 2ND
Oakland Athletics batting - Pitching for Houston Astros : RHP Ron Lord
Batting: LHB Ivan Suarez 0-0: Called Strike
0-1: Ball
1-1: Ball
2-1: SINGLE (Groundball, 4MD, EV 96.9 MPH)
Batting: RHB Joey George 0-0: Called Strike
0-1: Called Strike
0-2: Ball
1-2: SINGLE (Groundball, 4MD, EV 104.4 MPH)
Ivan Suarez to second
Runner from 2nd tries for 3rd, SAFE, throw by CF made to third
Batting: RHB Jerome Bathgate 0-0: Ball
Joey George steals 2nd base
1-0: Swinging Strike
1-1: Called Strike
1-2: Foul Ball, location: 9LSF
1-2: Strikes out swinging
Batting: LHB Gene Del Vecchio 0-0: SINGLE (Line Drive, 89S, EV 101.3 MPH)
Ivan Suarez scores
Joey George to third
Batting: RHB David Reichel 0-0: Ball
1-0: Ball
2-0: Ball
3-0: Base on Balls
Gene Del Vecchio to second
Batting: RHB Randy Fowler 0-0: Ball
1-0: Called Strike
1-1: Foul Ball, location: 2RF
1-2: Ball
2-2: Ball
3-2: Base on Balls
Joey George scores
Gene Del Vecchio to third
David Reichel to second
Batting: LHB Mario Marquez 0-0: Fly out, F5 (Popup, 5SF, EV 80.0 MPH)
Batting: LHB Kyle O'Connor 0-0: Ball
1-0: Fly out, F8 (Flyball, 8RD, EV 105.6 MPH)
Top of the 2nd over - 2 runs, 3 hits, 0 errors, 3 left on base; Oakland 2 - Houston 4
BOTTOM OF THE 2ND
Houston Astros batting - Pitching for Oakland Athletics : RHP Dylan Harrison
Batting: LHB Pat Mueller 0-0: Called Strike
0-1: Ball
1-1: Called Strike
1-2: Foul Ball, location: 23FF
1-2: Strikes out looking
Batting: LHB Ricky Gomez 0-0: Ball
1-0: Ground out 4-3 (Groundball, 4MD, EV 97.5 MPH)
Batting: LHB Aaron Bruckerhoff 0-0: Called Strike
0-1: Foul Ball, location: 5F
0-2: SINGLE (Groundball, 56S, EV 69.4 MPH) (infield hit)
Batting: LHB Alex Perez 0-0: Called Strike
0-1: Swinging Strike
0-2: Strikes out swinging
Bottom of the 2nd over - 0 runs, 1 hit, 0 errors, 1 left on base; Oakland 2 - Houston 4
TOP OF THE 3RD
Oakland Athletics batting - Pitching for Houston Astros : RHP Ron Lord
Batting: LHB Pat Wilson 0-0: Ball
1-0: Called Strike
1-1: Ball
2-1: Ball
3-1: Base on Balls
Batting: LHB Ivan Suarez 0-0: Fly out, F8 (Flyball, 8LXD, EV 98.1 MPH)
Batting: RHB Joey George 0-0: Foul Ball, location: 23F
0-1: Ball
Pat Wilson steals 2nd base
1-1: Ball
2-1: Foul Ball, location: 2F
2-2: SINGLE (Groundball, 6, EV 105.0 MPH)
Pat Wilson to third
Batting: RHB Jerome Bathgate 0-0: Fly out, F6 (Flyball, 56D, EV 103.8 MPH)
Batting: LHB Gene Del Vecchio 0-0: Ball
1-0: Swinging Strike
1-1: Foul Ball, location: 2F
1-2: Ground out 4-3 (Groundball, 34, EV 96.3 MPH)
Top of the 3rd over - 0 runs, 1 hit, 0 errors, 2 left on base; Oakland 2 - Houston 4
BOTTOM OF THE 3RD
Houston Astros batting - Pitching for Oakland Athletics : RHP Dylan Harrison
Batting: RHB Jeff Cinnamon 0-0: Called Strike
0-1: Ball
1-1: Called Strike
1-2: Reached on error, E3 (Groundball, 34S, EV 84.4 MPH)
Batting: RHB Kyle Stewart 0-0: Called Strike
0-1: Called Strike
0-2: Ball
1-2: Ball
2-2: Fly out, F8 (Flyball, 8RM, EV 99.4 MPH)
Batting: RHB Frank Kelsay 0-0: SINGLE (Line Drive, 89S, EV 101.3 MPH)
Jeff Cinnamon to second
Batting: LHB Roy Lazzaro 0-0: Ball
1-0: Swinging Strike
1-1: Fielders Choice at 2nd, 5-4 (Groundball, 56, EV 81.3 MPH)
Jeff Cinnamon to third
Batting: LHB Josh Otis 0-0: Called Strike
0-1: Ball
1-1: Fly out, F8 (Flyball, 8RM, EV 88.1 MPH)
Bottom of the 3rd over - 0 runs, 1 hit, 1 error, 2 left on base; Oakland 2 - Houston 4
TOP OF THE 4TH
Oakland Athletics batting - Pitching for Houston Astros : RHP Ron Lord
Batting: RHB David Reichel 0-0: Ground out 4-3 (Groundball, 4, EV 85.6 MPH)
Batting: RHB Randy Fowler 0-0: Called Strike
0-1: Ball
1-1: Foul Ball, location: 2F
1-2: Strikes out swinging
Batting: LHB Mario Marquez 0-0: Called Strike
0-1: Foul Ball, location: 7LMF
0-2: Ball
1-2: Strikes out looking
Top of the 4th over - 0 runs, 0 hits, 0 errors, 0 left on base; Oakland 2 - Houston 4
BOTTOM OF THE 4TH
Houston Astros batting - Pitching for Oakland Athletics : RHP Dylan Harrison
Batting: LHB Pat Mueller 0-0: Called Strike
0-1: Called Strike
0-2: Strikes out swinging
Batting: LHB Ricky Gomez 0-0: Called Strike
0-1: Called Strike
0-2: Strikes out looking
Batting: LHB Aaron Bruckerhoff 0-0: Called Strike
0-1: Ball
1-1: Ball
2-1: Ball
3-1: Base on Balls
Batting: LHB Alex Perez 0-0: Called Strike
Aaron Bruckerhoff steals 2nd base
0-1: Foul Ball, location: 3FF
0-2: Ball
1-2: Foul Ball, location: 25F
1-2: Ball
2-2: Fly out, F7 (Flyball, 78XD, EV 107.5 MPH)
Bottom of the 4th over - 0 runs, 0 hits, 0 errors, 1 left on base; Oakland 2 - Houston 4
TOP OF THE 5TH
Oakland Athletics batting - Pitching for Houston Astros : RHP Ron Lord
Batting: LHB Kyle O'Connor 0-0: Ball
1-0: Foul Ball, location: 23F
1-1: Ball
2-1: Swinging Strike
2-2: Strikes out looking
Batting: LHB Pat Wilson 0-0: Foul Ball, location: 2F
0-1: Ball
1-1: Ball
2-1: Called Strike
2-2: Strikes out looking
Batting: LHB Ivan Suarez 0-0: Ball
1-0: Fly out, F4 (Popup, 34, EV 65.6 MPH)
Top of the 5th over - 0 runs, 0 hits, 0 errors, 0 left on base; Oakland 2 - Houston 4
BOTTOM OF THE 5TH
Houston Astros batting - Pitching for Oakland Athletics : RHP Dylan Harrison
Batting: RHB Jeff Cinnamon 0-0: SINGLE (Groundball, 34D, EV 95.0 MPH)
Batting: RHB Kyle Stewart 0-0: Ball
1-0: Called Strike
1-1: Fly out, F8 (Line Drive, 8RM, EV 90.6 MPH)
Batting: RHB Frank Kelsay 0-0: Called Strike
0-1: Foul Ball, location: 7LDF
0-2: Ball
1-2: Strikes out looking
Batting: LHB Roy Lazzaro 0-0: Swinging Strike
0-1: Ball
1-1: Called Strike
1-2: Ball
2-2: Foul Ball, location: 23F
2-2: Foul Ball, location: 2F
2-2: Foul Ball, location: 9LSF
2-2: Fly out, F9 (Flyball, 89M, EV 86.9 MPH)
Bottom of the 5th over - 0 runs, 1 hit, 0 errors, 1 left on base; Oakland 2 - Houston 4
TOP OF THE 6TH
Oakland Athletics batting - Pitching for Houston Astros : RHP Ron Lord
Pitching: RHP Vince Geiger
Batting: RHB Joey George 0-0: Called Strike
0-1: Swinging Strike
0-2: Ball
1-2: Foul Ball, location: 3F
1-2: Strikes out swinging
Batting: RHB Jerome Bathgate 0-0: Foul Ball, location: 9LSF
0-1: Called Strike
0-2: Ball
1-2: Reaches on Catchers interference
Batting: LHB Gene Del Vecchio 0-0: Grounds into double play, 4-6-3 (Groundball, 34, EV 86.3 MPH)
Top of the 6th over - 0 runs, 0 hits, 1 error, 0 left on base; Oakland 2 - Houston 4
BOTTOM OF THE 6TH
Houston Astros batting - Pitching for Oakland Athletics : RHP Dylan Harrison
Batting: LHB Josh Otis 0-0: Ball
1-0: Ball
2-0: Foul Ball, location: 5FF
2-1: Called Strike
2-2: Foul Ball, location: 2RF
2-2: Foul Ball, location: 5F
2-2: Ball
3-2: Foul Ball, location: 5SF
3-2: Foul Ball, location: 9LSF
3-2: SINGLE (Line Drive, 34D, EV 99.4 MPH)
Batting: LHB Pat Mueller 0-0: Called Strike
0-1: Called Strike
0-2: Ball
1-2: Strikes out looking
Pitching: RHP John Hickey
Batting: LHB Ricky Gomez 0-0: Ball
1-0: Foul Ball, location: 2F
1-1: Ball
2-1: SINGLE (Groundball, 34S, EV 70.6 MPH) (infield hit)
Josh Otis to second
Batting: LHB Aaron Bruckerhoff 0-0: Ball
1-0: TRIPLE (Line Drive, 9LD, EV 99.4 MPH)
Josh Otis scores
Ricky Gomez scores
Batting: LHB Alex Perez 0-0: Called Strike
0-1: Foul Ball, location: 2RF
0-2: Foul Ball, location: 23F
0-2: Ball
1-2: Foul Ball, location: 2F
1-2: Strikes out swinging
Batting: RHB Jeff Cinnamon 0-0: SINGLE (Line Drive, 56D, EV 94.4 MPH)
Aaron Bruckerhoff scores
Batting: RHB Kyle Stewart 0-0: Called Strike
0-1: Called Strike
0-2: Ball
1-2: Fly out, F9 (Flyball, 9LMF, EV 92.5 MPH)
Bottom of the 6th over - 3 runs, 4 hits, 0 errors, 1 left on base; Oakland 2 - Houston 7
TOP OF THE 7TH
Oakland Athletics batting - Pitching for Houston Astros : RHP Vince Geiger
Batting: RHB David Reichel 0-0: Ball
1-0: Ball
2-0: Called Strike
2-1: Ball
3-1: Foul Ball, location: 25F
3-2: Fly out, F5 (Flyball, 5D, EV 84.4 MPH)
Batting: RHB Randy Fowler 0-0: Foul Ball, location: 2F
0-1: Foul Ball, location: 7LMF
0-2: Fly out, F9 (Flyball, 89D, EV 89.4 MPH)
Pitching: RHP Larry DeWolfe
Batting: LHB Mario Marquez 0-0: Called Strike
0-1: Ball
1-1: Called Strike
1-2: Ground out 5-3 (Groundball, 56, EV 87.5 MPH)
Top of the 7th over - 0 runs, 0 hits, 0 errors, 0 left on base; Oakland 2 - Houston 7
BOTTOM OF THE 7TH
Houston Astros batting - Pitching for Oakland Athletics : RHP John Hickey
Batting: RHB Frank Kelsay 0-0: Swinging Strike
0-1: Ball
1-1: Fly out, F8 (Flyball, 8LXD, EV 100.0 MPH)
Batting: LHB Roy Lazzaro 0-0: Called Strike
0-1: DOUBLE (Groundball, 3L, EV 102.5 MPH)
Batting: LHB Josh Otis 0-0: Ball
1-0: Foul Ball, location: 25FF
1-1: Ball
2-1: Ground out 6-3 (Groundball, 6, EV 96.3 MPH)
Roy Lazzaro to third
Batting: LHB Pat Mueller 0-0: Fly out, F5 (Popup, 5SF, EV 86.3 MPH)
Bottom of the 7th over - 0 runs, 1 hit, 0 errors, 1 left on base; Oakland 2 - Houston 7
TOP OF THE 8TH
Oakland Athletics batting - Pitching for Houston Astros : RHP Larry DeWolfe
Batting: LHB Kyle O'Connor 0-0: Swinging Strike
0-1: Ball
1-1: Called Strike
1-2: Ball
2-2: Ground out 6-3 (Groundball, 6, EV 103.8 MPH)
Batting: LHB Pat Wilson 0-0: Ball
1-0: Foul Ball, location: 7LSF
1-1: Ball
2-1: Foul Ball, location: 5DF
2-2: DOUBLE (Line Drive, 9LM, EV 86.3 MPH) - OUT at third base trying to stretch hit.
Batting: LHB Ivan Suarez 0-0: Foul Ball, location: 9LSF
0-1: Ball
1-1: Ball
2-1: Ball
3-1: Foul Ball, location: 2F
3-2: Base on Balls
Batting: RHB Joey George 0-0: Ball
1-0: Swinging Strike
1-1: Fielders Choice at 2nd, 5-4 (Groundball, 56, EV 105.0 MPH)
Top of the 8th over - 0 runs, 1 hit, 0 errors, 1 left on base; Oakland 2 - Houston 7
BOTTOM OF THE 8TH
Houston Astros batting - Pitching for Oakland Athletics : RHP John Hickey
Pitching: RHP Dylan Mayes
Batting: LHB Ricky Gomez 0-0: Ball
1-0: Swinging Strike
1-1: Ball
2-1: Swinging Strike
2-2: Fly out, F8 (Line Drive, 8LM, EV 105.0 MPH)
Batting: LHB Aaron Bruckerhoff 0-0: Called Strike
0-1: Ground out U3 (Groundball, 3, EV 83.8 MPH)
Batting: LHB Alex Perez 0-0: Ground out 1-3 (Groundball, 15, EV 73.8 MPH)
Bottom of the 8th over - 0 runs, 0 hits, 0 errors, 0 left on base; Oakland 2 - Houston 7
TOP OF THE 9TH
Oakland Athletics batting - Pitching for Houston Astros : RHP Larry DeWolfe
Batting: RHB Jerome Bathgate 0-0: Ball
1-0: Called Strike
1-1: Foul Ball, location: 3SF
1-2: Ground out 1-3 (Groundball, 13, EV 70.6 MPH)
Batting: LHB Gene Del Vecchio 0-0: Called Strike
0-1: Foul Ball, location: 2F
0-2: Ball
1-2: Ground out 4-3 (Groundball, 4, EV 99.4 MPH)
Batting: RHB David Reichel 0-0: Called Strike
0-1: Swinging Strike
0-2: Ball
1-2: Strikes out looking
Top of the 9th over - 0 runs, 0 hits, 0 errors, 0 left on base; Oakland 2 - Houston 7
Sunday, April 14th , 2024 - OOTP Baseball 24.11 Build 85